 Dungeon Crawl Stone Soup version 0.29.1-15-g9cfb28693d (webtiles) character file.

Game seed: 16836702177502171511

19485 croobank the Anamnesiscian (level 12, -3/76 HPs)
             Began as a Demonspawn Fire Elementalist on Apr 13, 2023.
             Was an Elder of Hepliaklqana.
             Killed from afar by a lindwurm (24 damage)
             ... with a blast of flame
             ... summoned by Kirke
             ... on level 13 of the Dungeon.
             The game lasted 00:57:46 (20451 turns).

croobank the Anamnesiscian (DsFE)                  Turns: 20451, Time: 00:57:47

Health: -3/76      AC:  0    Str:  9    XL:     12   Next: 36%
Magic:  20/25      EV: 16    Int: 22    God:    Hepliaklqana [****..]
Gold:   462        SH:  5    Dex: 13    Spells: 8/21 levels left

rFire   . . .      SeeInvis .   (weapon currently unavailable)
rCold   . . .      Faith    .   (shield currently unavailable)
rNeg    . . .      Spirit   .   (body armour currently unavailable)
rPois   .          Reflect  +   (helmet currently unavailable)
rElec   .          Harm     .   (cloak currently unavailable)
rCorr   .          Rampage  .   (gloves currently unavailable)
Will    .....                   (boots currently unavailable)
Stlth   +++.......              H - amulet of reflection
HPRegen 0.22/turn               (ring currently unavailable)
MPRegen 0.19/turn               (ring currently unavailable)

@: pig-form, slowed
A: fast, no casting, reduced essence, small, (antennae 2), (molten scales 1),
powered by death 1, demonic magic 1
a: Renounce Religion, Recall Ancestor, Ancestor Identity, Transference, Idealise


You were on level 13 of the Dungeon.
You worshipped Hepliaklqana.
Hepliaklqana was greatly pleased with you.
You were a filthy swine.
You visited 2 branches of the dungeon, and saw 14 of its levels.
You also visited: Bailey.

You collected 1173 gold pieces.
You spent 711 gold pieces at shops.

Inventory:

Hand Weapons
 a - a +1 dagger of protection (melded)
 f - a +1 whip of freezing
 k - a +3 quarterstaff of chaos
 s - the +2 hammer of the Assorted Knaves {distort, Str+7}
   (You found it on level 7 of the Dungeon)

   It warps and distorts space around it, and may blink, banish, or inflict
   extra damage upon those it strikes.
   Unwielding it can cause banishment or high damage.
   Str:       It affects your strength (+7).
 t - a +0 dagger of speed
 w - a +1 vampiric whip
 y - a +0 war axe
 A - a +2 broad axe
 E - a +0 morningstar
 G - a +2 great mace of distortion
 R - a +0 short sword of speed
 S - a +4 spear of flaming
Missiles
 j - 8 datura-tipped darts
 q - 13 curare-tipped darts (quivered)
 r - 24 boomerangs
 Q - 10 javelins
Armour
 m - a +0 cloak (melded)
 v - a +0 pair of boots (melded)
 B - a +1 robe of positive energy
 O - +0 steam dragon scales
 P - a +2 robe of the Archmagi (melded)
 Y - a +2 robe of cold resistance
Jewellery
 g - a ring of protection from fire
 n - a ring of see invisible
 o - a ring of fire (melded)
 x - a +4 ring of evasion
 D - a ring of magical power
 H - an amulet of reflection (around neck)
 N - an amulet of the acrobat
 V - a ring of willpower (melded)
 X - a ring of ice
Wands
 i - a wand of paralysis (6)
 p - a wand of flame (40)
 u - a wand of roots (10)
 K - a wand of quicksilver (6)
Scrolls
 c - 3 scrolls of poison
 I - 2 scrolls of silence
 T - 2 scrolls of fog
 U - 5 scrolls of identify
Potions
 b - 3 potions of magic
 d - 7 potions of attraction
 e - 2 potions of brilliance
 h - 4 potions of curing
 l - a potion of berserk rage
 z - a potion of cancellation
 C - 3 potions of lignification
 F - a potion of might
 J - 2 potions of resistance
 L - 2 potions of mutation
 M - 2 potions of flight


   Skills:
 - Level 4.9 Fighting
 - Level 4.8 Dodging
 - Level 5.3 Stealth
 - Level 5.0 Spellcasting
 - Level 4.9 Conjurations
 - Level 5.3 Fire Magic
 - Level 3.8 Air Magic
 - Level 4.1 Poison Magic
 + Level 19.4 Invocations


You had 8 spell levels left.
You knew the following spells:

 Your Spells              Type           Power      Damage    Failure   Level
a - Foxfire               Conj/Fire      100%       2x1d9     1%          1
b - Scorch                Fire           58%        2d8       1%          2
c - Mephitic Cloud        Conj/Pois/Air  24%        N/A       5%          3
d - Ignite Poison         Fire/Tmut/Pois 19%        N/A       9%          3
e - Flame Wave            Conj/Fire      28%        2d9       12%         4

Your spell library contained the following spells:

 Spells                   Type           Power      Damage    Failure   Level
 Shock                    Conj/Air       96%        1d9       1%          1
 Searing Ray              Conj           54%        2d6       1%          2
 Static Discharge         Conj/Air       24%        3-6/arc   2%          2
 Poisonous Vapours        Pois/Air       44%        N/A       3%          2
 Conjure Flame            Conj/Fire      28%        6-21      3%          3
 Slow                     Hex            20%        N/A       10%         1
 Inner Flame              Hex/Fire       17%        N/A       10%         3
 Confusing Touch          Hex            5%         N/A       30%         3
 Ozocubu's Armour         Ice            5%         N/A       30%         3
 Tukima's Dance           Hex            5%         N/A       30%         3
 Vampiric Draining        Necr           5%         2d6       30%         3
 Corpse Rot               Necr/Pois/Air  17%        N/A       34%         4
 Lightning Bolt           Conj/Air       12%        1d25      43%         5
 Freezing Cloud           Conj/Ice/Air   9%         6-21      63%         5
 Passage of Golubria      Tloc           5%         N/A       69%         4
 Petrify                  Tmut/Erth      5%         N/A       69%         4
 Metabolic Englaciation   Hex/Ice        2%         N/A       95%         5
 Yara's Violent Unravell  Hex/Tmut       2%         3d3       95%         5
 Dispersal                Tloc           2%         N/A       100%        6
 Simulacrum               Ice/Necr       2%         N/A       100%        6
 Statue Form              Tmut/Erth      3%         N/A       100%        6
 Disjunction              Tloc           2%         N/A       100%        8
 Maxwell's Capacitive Co  Air            11%        ∞         100%        8


Dungeon Overview and Level Annotations

Branches:
Dungeon (13/15)            Temple (1/1) D:6            Lair (0/5) D:11
    Orc (0/2) D:10         Bailey (visited)
 Vaults: D:13-14

Altars:
Ashenzari
Cheibriados
Dithmenos
Fedhas
Hepliaklqana
Kikubaaqudgha
Nemelex Xobeh
Qazlal
Ru
Uskayaw
Wu Jian

Shops:
D:2 !   D:6 ?

Portals:
Trove: D:11 (give 12 potions of heal wounds)

Annotations:
D:13 Josephine, Kirke


Innate Abilities, Weirdness & Mutations

You are a filthy swine.
You move quickly.
Your equipment is almost entirely melded.
You are incapable of wielding weapons or throwing items.
You cannot cast spells.
Your life essence is reduced to manifest your ancestor. (-10% HP)
((You have a pair of antennae on your head.))
((You are partially covered in molten scales. (AC +2)))
You regenerate a little health from kills.
Spells you cast may paralyse adjacent enemies.


Message History

Really walk into that cloud of flame? [Y]es or [N]o only, please.
Really walk into that cloud of flame? [Y]es or [N]o only, please.
Really walk into that cloud of flame?
Okay, then.
You closely miss Kirke.
Kirke is almost dead.
Kirke gestures at you while chanting.
You feel yourself slow down.
Josephine is engulfed in blazing flames.
You closely miss Kirke.
Kirke is almost dead.
You block Kirke's attack.
You hit Kirke but do no damage.
Kirke is almost dead.
The lindwurm closely misses you. x2; The lindwurm claws you!
Kirke completely misses you. The lindwurm breathes flames at you.
The blast of flame hits you!!
Okay, then.
Kirke attacks as you move away! Kirke barely misses you.
The lindwurm attacks as you move away! The lindwurm bites you.
* * * LOW HITPOINT WARNING * * *
The lindwurm claws you.
* * * LOW HITPOINT WARNING * * *
The lindwurm misses you.
A wraith comes into view.
Kirke gestures at you while chanting.
You struggle to resist.
Blink to where?
Press: ? - help, Dir - move target A wraith and a cyclops come into view.
As you read the scroll of blinking, it crumbles to dust.
Kirke mumbles some strange words.
Kirke flickers and vanishes!
Deactivating autopickup; reactivate with Ctrl-A.
The lindwurm breathes flames at you. The blast of flame hits you!!
You die...

#......##....#
#......#.....# #..
......#..§# #..
.†.{#...#
#..#####'##{k$#
###...†...kWk...#
........W..@....#
................#
...........h....#
.....................#
..##'##.##'##........#
..#...#.#.. #........#
..#...#.#. #.......##
..#...#.' #.......#
..#...#.# #.......#
..#...#.# #.......#
..##'##.#####........#


You could see Josephine, 3 lindwurms and 2 wraiths.

Vanquished Creatures
  Fannar (D:11)
  2 centaur warriors (D:13)
  2 two-headed ogres
  2 tengu warriors
  Pikel (D:5)
  An orc knight (Bailey)
  An ugly thing (D:13)
  An unseen horror (D:10)
  A kobold demonologist (D:11)
  2 komodo dragons
  3 trolls
  Grinder (D:6)
  Prince Ribbit (D:7)
  5 hogs (D:13)
  2 wyverns
  Eustachio (D:6)
  9 yaks
  3 steam dragons
  4 vampire mosquitoes
  Menkaure (D:7)
  2 water moccasins
  Duvessa (D:7)
  An acid dragon (D:7)
  7 orc warriors
  A sky beast (D:7)
  An ice beast (D:5)
  2 ogres
  A wolf (D:5)
  4 centaurs
  2 lemures (D:5)
  8 kobold brigands
  2 bullfrogs (D:8)
  A necrophage (D:8)
  2 scorpions
  4 gnoll sergeants (D:6)
  2 wights (D:7)
  Dowan (D:7)
  7 killer bees
  5 howler monkeys
  5 hounds
  Crazy Yiuf (D:7)
  2 orc priests
  A gnoll bouda (D:6)
  6 iguanas
  11 orc wizards
  Natasha (thrice) (D:3)
  28 gnolls
  8 adders
  2 shadow imps
  3 white imps
  An ufetubus (D:7)
  A worm (D:2)
  3 dart slugs
  31 orcs
  5 endoplasms
  5 giant cockroaches
  6 hobgoblins
  9 jackals
  7 ball pythons
  4 bats
  3 frilled lizards
  11 goblins
  23 kobolds
  6 rats
283 creatures vanquished.

Vanquished Creatures (collateral kills)
  A two-headed ogre (D:11)
  Urug (D:10)
  A kobold demonologist (D:12)
  A komodo dragon (D:11)
  An efreet (D:13)
  A wyvern (D:9)
  A shadow (D:9)
  4 yaks
  2 hogs (D:13)
  A vampire mosquito (D:12)
  2 centaurs (D:11)
  A kobold brigand (D:11)
  A necrophage (D:7)
  A gnoll sergeant (D:10)
  A wight (D:7)
  4 killer bees (D:11)
  A howler monkey (D:12)
  A gnoll bouda (D:9)
  An orc priest (D:12)
  A jelly (D:6)
  2 orc wizards
  2 gnolls
  2 orcs
34 creatures vanquished.

Vanquished Creatures (others)
  5 ancestors
  9 battlemagi
  730 foxfires
  36 plants (D:11)
780 creatures vanquished.

Grand Total: 1097 creatures vanquished

Notes
Turn   | Place    | Note
-------+----------+-------------------------------------------
     0 | D:1      | croobank the Demonspawn Fire Elementalist began the quest
                  | for the Orb.
     0 | D:1      | Reached XP level 1. HP: 13/13 MP: 3/3
   432 | D:1      | Gained mutation: Spells you cast may paralyse adjacent
                  | enemies. [demonic ancestry]
   432 | D:1      | Reached XP level 2. HP: 16/19 MP: 0/5
   798 | D:1      | Learned a level 2 spell: Scorch
  1491 | D:2      | Reached XP level 3. HP: 21/25 MP: 1/6
  2048 | D:2      | Found Sion Hej's Distillery.
  2065 | D:2      | Bought a potion of heal wounds for 65 gold pieces
  2065 | D:2      | Bought a potion of curing for 39 gold pieces
  2134 | D:2      | Found a faded altar of an unknown god.
  2793 | D:3      | Noticed Natasha
  2796 | D:3      | Killed Natasha
  2797 | D:3      | Reached skill level 1 in Fighting
  2797 | D:3      | Gained mutation: You regenerate a little health from kills.
                  | [demonic ancestry]
  2797 | D:3      | Reached XP level 4. HP: 32/32 MP: 2/7
  2878 | D:3      | Noticed Natasha
  2888 | D:3      | Killed Natasha
  3166 | D:3      | Noticed Natasha
  3178 | D:3      | Killed Natasha
  3482 | D:3      | Reached XP level 5. HP: 37/37 MP: 2/8
  4935 | D:4      | Learned a level 3 spell: Mephitic Cloud
  4939 | D:4      | Learned a level 3 spell: Ignite Poison
  5322 | D:4      | Reached XP level 6. HP: 44/44 MP: 2/10
  6645 | D:2      | Bought a potion of brilliance for 52 gold pieces
  6645 | D:2      | Bought a potion of magic for 104 gold pieces
  6645 | D:2      | Bought a potion of might for 52 gold pieces
  6687 | D:5      | Entered Level 5 of the Dungeon
  6687 | D:5      | Noticed an ice beast
  6822 | D:5      | Reached skill level 1 in Poison Magic
  6907 | D:5      | Reached skill level 1 in Air Magic
  6931 | D:5      | Killed an ice beast
  6932 | D:5      | Reached XP level 7. HP: 51/51 MP: 3/11
  7951 | D:5      | Learned a level 4 spell: Flame Wave
  8148 | D:6      | Noticed Pikel
  8555 | D:5      | Killed Pikel
  8556 | D:5      | Gained mutation: You have a pair of small antennae on your
                  | head. [demonic ancestry]
  8556 | D:5      | Reached XP level 8. HP: 20/59 MP: 1/13
  9303 | D:6      | Noticed Grinder
  9316 | D:6      | Killed Grinder
  9593 | D:6      | Noticed Eustachio
  9609 | D:5      | Gained mutation: You are partially covered in molten
                  | scales. (AC +2) [demonic ancestry]
  9609 | D:5      | Reached XP level 9. HP: 32/65 MP: 4/15
  9805 | D:6      | Killed Eustachio
 10022 | D:6      | Found a staircase to the Ecumenical Temple.
 10031 | Temple   | Entered the Ecumenical Temple
 10037 | Temple   | Became a worshipper of Hepliaklqana the Forgotten
 10176 | D:6      | Reached skill level 1 in Invocations
 10378 | D:6      | You fall into a shaft and drop 3 floors!
 10457 | D:9      | Reached skill level 5 in Fire Magic
 10500 | D:9      | Noticed a two-headed ogre
 10540 | D:9      | Reached skill level 2 in Invocations
 10824 | D:8      | Noticed a komodo dragon
 10835 | D:8      | Reached skill level 5 in Stealth
 10871 | D:8      | Reached skill level 3 in Invocations
 10893 | D:8      | Killed a komodo dragon
 10907 | D:8      | Noticed a troll
 10915 | D:8      | Killed a troll
 10916 | D:8      | Reached skill level 4 in Invocations
 10931 | D:8      | Reached skill level 5 in Spellcasting
 10935 | D:8      | Found a flagged portal.
 11009 | Bailey   | Entered a bailey
 11078 | Bailey   | Noticed an orc knight
 11094 | Bailey   | Killed an orc knight
 11095 | Bailey   | Reached skill level 5 in Invocations
 11095 | Bailey   | Reached XP level 10. HP: 73/73 MP: 3/17
 11102 | Bailey   | Reached skill level 6 in Invocations
 11124 | Bailey   | Reached skill level 7 in Invocations
 11698 | Bailey   | Found a bloodstained altar of Trog.
 11719 | Bailey   | Reached skill level 8 in Invocations
 11828 | Bailey   | Got the Verses on Damage Dealing
 11970 | D:7      | Noticed Prince Ribbit
 11977 | D:7      | Killed Prince Ribbit
 12032 | D:7      | Reached * piety under Hepliaklqana
 12284 | D:6      | Found Ohoutat's Magic Scroll Shop.
 12290 | D:6      | Bought a scroll of enchant armour for 105 gold pieces
 12290 | D:6      | Bought a scroll of identify for 28 gold pieces
 12290 | D:6      | Bought a scroll of blinking for 105 gold pieces
 12290 | D:6      | Bought a scroll of enchant weapon for 105 gold pieces
 12290 | D:6      | Bought a scroll of fog for 56 gold pieces
 12408 | D:6      | Reached skill level 9 in Invocations
 12662 | D:7      | Noticed Menkaure
 12674 | D:7      | Killed Menkaure
 12675 | D:7      | Reached skill level 10 in Invocations
 13175 | D:7      | Found a runed translucent door.
 13178 | D:7      | Noticed Crazy Yiuf
 13183 | D:7      | Killed Crazy Yiuf
 13233 | D:7      | Identified the +2 hammer of the Assorted Knaves {distort,
                  | Str+7}
 13684 | D:7      | Noticed Duvessa
 13688 | D:7      | Noticed Dowan
 13697 | D:7      | Killed Duvessa
 13698 | D:7      | Reached skill level 11 in Invocations
 13698 | D:7      | Killed Dowan
 14723 | D:9      | Found a broken altar of Ashenzari.
 14730 | D:9      | Found a hide-covered altar of Uskayaw.
 14900 | D:9      | Reached skill level 12 in Invocations
 15599 | D:9      | Gained mutation: You have a pair of antennae on your head.
                  | [demonic ancestry]
 15599 | D:9      | Reached XP level 11. HP: 70/70 MP: 13/20
 15605 | D:9      | Reached skill level 13 in Invocations
 16285 | D:10     | Entered Level 10 of the Dungeon
 16330 | D:10     | Reached ** piety under Hepliaklqana
 16331 | D:10     | Remembered your ancestor Shatu-murrim as a battlemage
 16384 | D:10     | Noticed Urug
 16393 | D:10     | Killed Urug
 16628 | D:10     | Found a sacrificial altar of Ru.
 16778 | D:10     | Found a staircase to the Orcish Mines.
 17062 | D:11     | Noticed a two-headed ogre
 17070 | D:11     | Killed a two-headed ogre
 17071 | D:11     | Reached skill level 14 in Invocations
 17357 | D:11     | Found a portal to a secret trove of treasure.
 17438 | D:11     | Found a staircase to the Lair.
 17451 | D:11     | Reached skill level 15 in Invocations
 17651 | D:11     | Noticed a two-headed ogre
 17656 | D:11     | Killed a two-headed ogre
 17726 | D:11     | Noticed Fannar
 17746 | D:11     | Killed Fannar
 17747 | D:11     | Reached skill level 16 in Invocations
 18094 | D:11     | Reached *** piety under Hepliaklqana
 18584 | D:12     | Noticed a tengu warrior
 18584 | D:12     | Noticed a tengu warrior
 18601 | D:11     | Killed a tengu warrior
 18686 | D:12     | Killed a tengu warrior
 18687 | D:12     | Reached skill level 17 in Invocations
 19168 | D:12     | Reached XP level 12. HP: 76/76 MP: 18/24
 19421 | D:13     | Noticed a two-headed ogre
 19429 | D:12     | Killed a two-headed ogre
 19430 | D:12     | Reached skill level 18 in Invocations
 19670 | D:13     | Noticed a centaur warrior
 19677 | D:13     | Killed a centaur warrior
 19752 | D:13     | Reached **** piety under Hepliaklqana
 19828 | D:13     | Noticed a centaur warrior
 19833 | D:13     | Killed a centaur warrior
 19897 | D:13     | Noticed a vault guard
 19897 | D:13     | Noticed a vault guard
 19897 | D:13     | Noticed a vault guard
 19903 | D:13     | Noticed a vault guard
 20180 | D:13     | Reached skill level 19 in Invocations
 20180 | D:13     | Noticed a vault guard
 20420 | D:13     | Noticed Kirke
 20440 | D:13     | Noticed Josephine
 20451 | D:13     | Killed from afar by a lindwurm

Illustrated notes

Levels and vault maps discovered:
D:1:      heliophobic_arrival_enchanted_forest, layout_loops_corners
D:2:      layout_loops_ring, shapermc_ecumenical_altar_ellora, serial_shops,
          nicolae_shop_stone
D:3:      layout_basic, uniq_natasha
D:4:      layout_layer_cave
D:5:      layout_rooms
D:6:      layout_cave_pools, minmay_temple_entry_mist, serial_gnoll_camp,
          gnoll_camp_mini_loothouse, gnoll_camp_huts_basic,
          gnoll_camp_mini_shop, gnoll_camp_mini_hut, gnoll_camp_mini_doghouse,
          serial_park_tiny_1, uniq_grinder, uniq_eustachio, uniq_pikel
D:7:      layout_basic, uniq_duvessa, uniq_prince_ribbit1, uniq_menkaure,
          uniq_crazy_yiuf_cottage
D:8:      layout_rooms, enter_bailey_4, nicolae_benzene_ring
D:9:      layout_stronghold, grunt_temple_overflow_diamond
D:10:     layout_basic, mainiacjoe_overflow_tiny_flanked, orc_0_dummy, uniq_urug
D:11:     layout_basic, david_lair_shrubbed, nicolae_trove_entry_free_sample,
          uniq_fannar
D:12:     layout_roguey
D:13:     layout_irregular_city, erik_vaults_2, uniq_kirke, uniq_sonja,
          uniq_josephine
Temple:   eino_narrow_crystal_temple

Skill      XL: |  1  2  3  4  5  6  7  8  9 10 11 12 |
---------------+-------------------------------------+-----
Stealth        | 2 3 4 5 |  5.3
Dodging        | 2 3 4 |  4.8
Fire Magic     | 3 4 5 |  5.3
Fighting       | 1 2 3 4 |  4.9
Conjurations   | 2 3 4 |  4.9
Spellcasting   | 3 4 5 |  5.0
Poison Magic   | 1 2 3 4 |  4.1
Air Magic      | 1 2 3 |  3.8
Invocations    | 5 12 17 19 | 19.4

Action                   |  1- 3 |  4- 6 |  7- 9 | 10-12 || total
-------------------------+-------+-------+-------+-------++-------
Melee: Unarmed           |     4 |       |       |     3 ||     7
       Dagger            |     5 |    51 |    39 |    60 ||   155
       Punch             |       |       |     1 |       ||     1
Throw: Throwing net      |       |       |     2 |       ||     2
       Boomerang         |       |       |       |     7 ||     7
 Cast: Foxfire           |    36 |    53 |   152 |   185 ||   426
       Scorch            |    18 |    45 |    75 |   172 ||   310
       Flame Wave        |       |       |       |     5 ||     5
       Ignite Poison     |       |       |       |     1 ||     1
Invok: Ancestor Life: Ba |       |       |       |     1 ||     1
Evoke: Wand              |       |       |     4 |    10 ||    14
  Use: Potion            |       |     1 |     5 |     5 ||    11
       Scroll            |       |       |    17 |    16 ||    33
 Stab: Paralysed         |     3 |     6 |    18 |    13 ||    40
       Sleeping          |       |     1 |       |     1 ||     2
       Invisible         |       |       |     1 |     1 ||     2
       Held in net/web   |       |       |     1 |       ||     1
       Distracted        |       |       |       |     1 ||     1
Armor: Robe              |     1 |     4 |     6 |    13 ||    24
       Skin              |       |       |     3 |     3 ||     6
Dodge: Dodged            |     6 |    44 |    60 |    83 ||   193
Block: Other             |       |       |    18 |    27 ||    45
       Reflection        |       |       |     2 |     5 ||     7
